 Dungeon Crawl Stone Soup version 0.30.1-11-g7821555f0a (webtiles) character file.

Game seed: 5359351185021586237

364 jagang the Slasher (level 6, -2/51 HPs)
             Began as a Barachi Monk on Nov 29, 2023.
             Slain by a gnoll
             ... wielding a +0 spear
              (7 damage)
             ... on level 4 of the Dungeon.
             The game lasted 00:07:10 (2315 turns).

jagang the Slasher (Barachi Monk)                   Turns: 2315, Time: 00:07:11

Health: -2/51      AC:  6    Str: 12    XL:     6   Next: 67%
Magic:  6/6        EV: 10    Int: 17    God:
Gold:   124        SH:  0    Dex: 16    Spells: 5/5 levels left

rFire   . . .        a - +0 falchion
rCold   . . .        d - orb {light}
rNeg    . . .        v - +0 scale mail
rPois   .            (no helmet)
rElec   .            o - scarf {+Inv}
rCorr   .            (no gloves)
SInv    .            (no boots)
Will    .....        (no amulet) Stlth
                     r - +6 ring of intelligence
HPRegen 0.28/turn    (no ring)
MPRegen 0.10/turn

%: no passive effects
@: confused, ambrosia-drunk, unable to hop, glowing, slow
A: amphibious, slowness 1, strong legs 1, +LOS
a: Hop, Evoke Invisibility


You were on level 4 of the Dungeon.
You visited 1 branch of the dungeon, and saw 4 of its levels.

You collected 124 gold pieces.

Inventory:

Hand Weapons
 a - a +0 falchion (weapon)
 j - a +1 dagger of flaming
Missiles
 p - 3 boomerangs (quivered)
Armour
 d - an orb of light (worn)
 o - a scarf of invisibility (worn)
 v - a +0 scale mail (worn)
Jewellery
 r - a +6 ring of intelligence (left hand)
Wands
 s - a wand of flame (21)
Scrolls
 b - a scroll of identify {unknown}
 f - 2 scrolls of vulnerability {unknown}
 g - a scroll of magic mapping {unknown}
 l - 2 scrolls of teleportation {unknown}
 q - a scroll of acquirement {unknown}
 t - a scroll of silence {unknown}
 u - a scroll of fog {unknown}
Potions
 c - a potion of ambrosia
 e - a potion of mutation {unknown}
 h - a potion of haste {unknown}
 i - 2 potions of curing {unknown}
 k - a potion of degeneration {unknown}
 m - a potion of berserk rage {unknown}
 n - 2 potions of heal wounds {unknown}


   Skills:
 + Level 5.3 Fighting
 * Level 6.6 Long Blades
 + Level 3.6 Armour
 - Level 3.2 Dodging
 + Level 0.3 Evocations


You had 5 spell levels left.
You didn't know any spells.
Your spell library was empty.

Dungeon Overview and Level Annotations

Branches:
Dungeon (4/15)
 Temple: D:4-7

Altars:
Dithmenos

Annotations:
D:3 2 transporters


Innate Abilities, Weirdness & Mutations

You are amphibious.
You cover ground slowly.
You can hop short distances.
You have an extended range of vision and can be seen from far away.


Message History

You kill the giant cockroach!
The gnoll hits you with a +0 club. The gnoll closely misses you.
You completely miss the gnoll.
The gnoll is heavily wounded.
The gnoll hits you with a +0 club. The gnoll barely misses you.
You hit the gnoll.
The gnoll is severely wounded.
The gnoll closely misses you.
The gnoll hits you from afar with a +0 spear.
* * * LOW HITPOINT WARNING * * *
You slash the gnoll!
You kill the gnoll!
The gnoll hits you from afar with a +0 spear.
* * * LOW HITPOINT WARNING * * *
Hop to where?
Press: ? - help, Dir - move target, p - gnoll Boing!
Aiming: Throw Flame
Press: ? - help, Shift-Dir - straight line, f - jackal
Aim: a jackal (sparse dust, severely wounded, haloed, 74% to hit)
The puff of flame hits the jackal!
You kill the jackal!
Aiming: Throw Flame
Press: ? - help, Shift-Dir - straight line, f - gnoll
Aim: a gnoll, wielding a +0 spear (sparse dust, moderately wounded, haloed, 82% to hit)
The puff of flame hits the gnoll but does no damage.
The gnoll is moderately wounded.
The gnoll hits you from afar with a +0 spear.
* * * LOW HITPOINT WARNING * * *
You are confused.
You feel invigorated.
The gnoll hits you from afar with a +0 spear.
* * * LOW HITPOINT WARNING * * *
You hit the jackal.
The jackal is heavily wounded.
The jackal bites you but does no damage.
The gnoll hits you from afar with a +0 spear.
* * * LOW HITPOINT WARNING * * *
The jackal closely misses you. The gnoll hits you with a +0 spear!
You die...

#..# ... ..### .....
...# #.### ### ..
##...## #####...
.....##.....###...#.###
..†.h!.....g)#@h.......#
.......##...#g....<.##.#
.._..B ##.)).......##.#
..... #...#..........
(... ......###.....####
... .##..######...## ..
. ##.......##### .
..##..####.....# ...
###.....#


You could see a gnoll and a jackal.

Vanquished Creatures
  An ice beast (D:4)
  An ogre (D:4)
  A hound (D:4)
  Ijyb (D:3)
  4 adders
  3 gnolls (D:4)
  A worm (D:4)
  A dart slug (D:1)
  7 orcs
  6 bats
  4 endoplasms
  5 giant cockroaches
  6 goblins
  2 hobgoblins (D:2)
  6 jackals
  4 kobolds
  3 quokkas
  3 ball pythons (D:1)
  4 frilled lizards
  2 rats
65 creatures vanquished.

Notes
Turn   | Place    | Note
-------+----------+-------------------------------------------
     0 | D:1      | jagang the Barachi Monk began the quest for the Orb.
     0 | D:1      | Reached XP level 1. HP: 18/18 MP: 1/1
    43 | D:1      | Reached XP level 2. HP: 7/25 MP: 2/2
   139 | D:1      | Reached skill level 4 in Long Blades
   144 | D:1      | Reached skill level 1 in Armour
   396 | D:1      | Reached XP level 3. HP: 23/30 MP: 3/3
   636 | D:2      | Reached XP level 4. HP: 36/37 MP: 4/4
  1262 | D:3      | Reached skill level 5 in Long Blades
  1557 | D:3      | Noticed Ijyb
  1558 | D:3      | Found a transporter.
  1568 | D:3      | Killed Ijyb
  1691 | D:3      | Found a transporter.
  1918 | D:4      | Reached XP level 5. HP: 42/43 MP: 5/5
  1919 | D:4      | Noticed an ogre
  1922 | D:4      | Noticed an ice beast
  1924 | D:4      | Killed an ogre
  1935 | D:4      | Reached skill level 5 in Fighting
  1935 | D:4      | Reached skill level 6 in Long Blades
  1935 | D:4      | Reached XP level 6. HP: 19/51 MP: 6/6
  1941 | D:4      | Killed an ice beast
  2278 | D:4      | Found a shadowy altar of Dithmenos.
  2312 | D:4      | HP: 2/51 [gnoll/+0 spear (5)]
  2315 | D:4      | Slain by a gnoll

Illustrated notes

Levels and vault maps discovered:
D:1:      tarquinn_simple_flora_water_e, layout_rooms, chequers_decorated_corner
D:2:      layout_rooms, serial_forest, infiniplex_forest_clump_long,
          infiniplex_forest_pool, infiniplex_forest_clump_long,
          infiniplex_forest_end_2
D:3:      gammafunk_steamed_eel, layout_basic, uniq_ijyb
D:4:      layout_loops_cross, nicolae_dithmenos_shadow_blocks,
          gammafunk_ghost_smash, serial_shops, kennysheep_mini,
          nicolae_shop_stone, grunt_ministairs_3, nicolae_eternal_life

Skill      XL: |  1  2  3  4  5 |
---------------+----------------+-----
Long Blades    | 4 5 6 |  6.6
Armour         | 1 2 3 |  3.6
Fighting       | 4 5 |  5.3
Dodging        | |  3.2
Evocations     | |  0.3

Action                     |  1- 3 |  4- 6 || total
---------------------------+-------+-------++-------
  Melee: Falchion          |    70 |   109 ||   179
  Throw: Boomerang         |       |     6 ||     6
Ability: Hop               |       |     3 ||     3
  Evoke: Wand              |       |    14 ||    14
    Use: Potion            |       |     1 ||     1
 Armour: Robe              |    13 |     8 ||    21
         Scale mail        |       |    24 ||    24
         Ring mail         |       |     3 ||     3
  Dodge: Dodged            |    44 |    68 ||   112
